 Dungeon Crawl Stone Soup version 0.26-a0-58-g79b31b8662 (webtiles) character file.

Game seed: 10963407392722252377

1818 supercigar the Cleaver (level 9, -4/82 HPs)
             Began as a Hill Orc Monk on June 8, 2020.
             Was a Believer of Beogh.
             Slain by Menkaure (21 damage)
             ... on level 6 of the Dungeon.
             The game lasted 00:34:06 (9045 turns).

supercigar the Cleaver (Hill Orc Monk)              Turns: 9045, Time: 00:34:06

Health: -4/82      AC:  9    Str: 17    XL:     9   Next: 10%
Magic:  9/9        EV:  8    Int: 12    God:    Beogh [**....]
Gold:   369        SH:  0    Dex: 13    Spells: 8/8 levels left

rFire    . . .     SeeInvis .   t - +1 hand axe (vamp)
rCold    . . .     Gourm    .   (no shield)
rNeg     . . .     Faith    .   s - +0 chain mail
rPois    .         Spirit   .   (no helmet)
rElec    .         Reflect  .   (no cloak)
rCorr    .         Harm     .   (no gloves)
MR       .....                  k - +2 pair of boots
Stlth    ..........             (no amulet)
HPRegen  0.23/turn              (no ring)
MPRegen  0.11/turn              (no ring)

@: stab, lightly drained
A: hooves 1, clever 1, deformed body
a: Smiting, Renounce Religion


You were on level 6 of the Dungeon.
You worshipped Beogh.
Beogh was pleased with you.
You were not hungry.

You visited 2 branches of the dungeon, and saw 7 of its levels.

You collected 369 gold pieces.

Inventory:

Hand Weapons
 l - a +0 hunting sling
 t - a +1 vampiric hand axe (weapon)
Missiles
 e - 55 stones (quivered)
Armour
 k - a +2 pair of boots (worn)
 s - a +0 chain mail (worn)
Jewellery
 c - an uncursed ring of fire
Scrolls
 h - 4 scrolls of identify
 m - a scroll of immolation
 r - a scroll of enchant armour
Potions
 i - a potion of flight
 o - a potion of mutation
Comestibles
 f - 12 rations


   Skills:
 + Level 8.3(8.2) Fighting
 + Level 9.2(9.0) Axes
 - Level 3.0(2.8) Throwing
 + Level 6.7(6.5) Armour
 - Level 2.4(2.3) Dodging
 - Level 1.6(1.5) Stealth


You had 8 spell levels left.
You didn't know any spells.
Your spell library contained the following spells:

 Spells                   Type           Power        Failure   Level  Hunger
 Magic Dart               Conj           #...         99%         1    ##.....
 Blink                    Tloc           N/A          99%         2    ###....
 Call Imp                 Summ           #.......     99%         2    ###....
 Slow                     Hex            #.......     99%         2    ###....
 Conjure Flame            Conj/Fire      #.......     100%        3    ####...
 Mephitic Cloud           Conj/Pois/Air  #.......     100%        3    ####...


Dungeon Overview and Level Annotations

Branches:
Dungeon (6/15)             Temple (1/1) D:5

Altars:
Ashenzari
Dithmenos
Gozag
Hepliaklqana
Makhleb
Okawaru
Qazlal
Ru
Sif Muna
Uskayaw
Xom

Annotations:
D:4 Unexplored water passage
D:6 Menkaure


Innate Abilities, Weirdness & Mutations

You have large cloven feet.
Your mind is acute. (Int +2)
Armour fits poorly on your strangely shaped body.


Message History

A necrophage comes into view.
Menkaure calls on the powers of darkness!
Your body is wracked with pain!
Menkaure hits you!!
* * * LOW HITPOINT WARNING * * *
You hit Menkaure.
Menkaure is lightly damaged.
Menkaure hits you.
* * * LOW HITPOINT WARNING * * *
You hit Menkaure but do no damage.
Menkaure is lightly damaged.
Menkaure gestures at you while chanting.
Pain shoots through your body!
* * * LOW HITPOINT WARNING * * *
Okay, then.
Okay, then.
You hit Menkaure.
Menkaure is moderately damaged.
Menkaure hits you!!
You die...

,,***.########.#.#######..#.#....
,,,,,.................##..#.#....
,,,,,............####..#..#.#....
*****.......##########.#..#.#....
***,,..........#..........#.#####
,,,,,(...........................
***,,,,,,**#..n#.#........#.#####
,,*,,,,,,* #.....M..##....#.#,,,*
,,,,,,,,,* #...#@######...#.#.,,*
,,,,,,,,,* #...#.# #...#.#...#
*,,,,***** #.###.# #..........
*,,,,* ####.###.#######..#.#...#
*,..,* #.................#.##***
*,...####.##.#..........#.#.#
**........#..#.#.######.#...#
,*.#......#..#.#.# #.#.#.#####
,*,#.####.#..#.#.######.#.#......


You could see a necrophage and Menkaure (fast).

Vanquished Creatures
  Duvessa (D:5)
  4 ice beasts
  A sky beast (D:5)
  5 ogres
  Blork the orc (D:4)
  2 bullfrogs (D:6)
  Dowan (D:5)
  2 scorpions
  A howler monkey (D:5)
  3 hounds
  2 orc priests
  2 orc wizards
  2 worker ants
  3 gnolls (D:4)
  3 adders
  2 oozes
  An adder skeleton (D:3)
  3 worms (D:2)
  3 dart slugs
  4 leopard geckos
  9 orcs
  3 ball pythons
  3 bats (D:1)
  6 giant cockroaches
  7 goblins
  8 hobgoblins
  18 jackals
  8 kobolds
  6 quokkas
  8 frilled lizards
  A leopard gecko zombie (D:5)
  10 rats
133 creatures vanquished.

Notes
Turn   | Place    | Note
-------+----------+-------------------------------------------
     0 | D:1      | supercigar the Hill Orc Monk began the quest for the Orb.
     0 | D:1      | Reached XP level 1. HP: 19/19 MP: 1/1
   201 | D:1      | Reached XP level 2. HP: 25/27 MP: 2/2
   339 | D:1      | Reached skill level 1 in Armour
   602 | D:1      | Reached XP level 3. HP: 19/33 MP: 3/3
  1314 | D:2      | Found a shadowy altar of Dithmenos.
  1874 | D:2      | Found a faded altar of an unknown god.
  1997 | D:2      | Found a stormy altar of Qazlal.
  2106 | D:2      | Reached XP level 4. HP: 34/41 MP: 4/4
  2254 | D:3      | Reached skill level 5 in Axes
  2733 | D:3      | Reached skill level 1 in Throwing
  2733 | D:3      | Reached XP level 5. HP: 25/47 MP: 5/5
  3210 | D:3      | Became a worshipper of Beogh the Brigand
  3210 | D:3      | Reached * piety under Beogh
  3210 | D:3      | Reached ** piety under Beogh
  3644 | D:4      | Reached skill level 5 in Fighting
  3792 | D:4      | Noticed an ogre
  3864 | D:4      | Killed an ogre
  3864 | D:4      | Reached XP level 6. HP: 28/56 MP: 6/6
  4095 | D:4      | Reached skill level 6 in Axes
  4177 | D:3      | Gained mutation: Your mind is acute. (Int +2) [potion of
                  | mutation]
  4177 | D:3      | Gained mutation: Armour fits poorly on your strangely
                  | shaped body. [potion of mutation]
  4177 | D:3      | Gained mutation: You have large cloven feet. [potion of
                  | mutation]
  5007 | D:4      | Noticed Blork the orc
  5023 | D:4      | Killed Blork the orc
  5023 | D:4      | Reached XP level 7. HP: 62/62 MP: 1/7
  5382 | D:5      | Entered Level 5 of the Dungeon
  5610 | D:5      | Found a shimmering blue altar of Sif Muna.
  6309 | D:4      | Reached skill level 7 in Axes
  6607 | D:5      | Found a hazy altar of Hepliaklqana.
  6804 | D:5      | Reached XP level 8. HP: 50/71 MP: 8/8
  6922 | D:5      | Reached skill level 5 in Armour
  6950 | D:5      | Found a staircase to the Ecumenical Temple.
  7333 | D:5      | Noticed Dowan
  7334 | D:5      | Noticed Duvessa
  7366 | D:5      | Killed Duvessa
  7366 | D:5      | Reached skill level 8 in Axes
  7411 | Temple   | Entered the Ecumenical Temple
  7753 | D:5      | Killed Dowan
  8718 | D:6      | Reached skill level 9 in Axes
  8718 | D:6      | Reached XP level 9. HP: 54/81 MP: 9/9
  9024 | D:6      | Noticed Menkaure
  9045 | D:6      | Slain by Menkaure

Illustrated notes

Levels and vault maps discovered:
D:1:      saegor_arrival_miasma, layout_loops_ring, minmay_unequal
D:2:      cheibrodos_helix_gallery, layout_loops_ring, lemuel_doored_altar,
          chequers_ecumenical_altar_grove, nicolae_dithmenos_shadow_blocks
D:3:      layout_rooms
D:4:      layout_gridville, first_ration, chequers_serial_rivers_small_3,
          uniq_blork_the_orc
D:5:      layout_basic, lemuel_round_altar, nicolae_overflow_hidden_temple,
          minmay_temple_entry_sparse_star, uniq_duvessa
D:6:      minmay_evil_eye, layout_basic, uniq_menkaure
Temple:   eino_narrow_crystal_temple

Skill      XL: |  1  2  3  4  5  6  7  8 |
---------------+-------------------------+-----
Armour         | 1 2 3 4 6 |  6.7
Fighting       | 4 5 6 8 |  8.3
Axes           | 5 6 7 9 |  9.2
Throwing       | 1 2 3 |  3.0
Dodging        | |  2.4
Stealth        | |  1.6

Action                   |  1- 3 |  4- 6 |  7- 9 || total
-------------------------+-------+-------+-------++-------
Melee: Hand axe          |   144 |   218 |   214 ||   576
Throw: Stone             |    75 |    99 |    55 ||   229
       Dart              |       |     9 |    28 ||    37
Invok: Smiting           |       |     4 |     3 ||     7
       Convert to Beogh  |       |     1 |       ||     1
  Use: Scroll            |     2 |     3 |     4 ||     9
       Potion            |       |     3 |     6 ||     9
 Stab: Sleeping          |     1 |       |     1 ||     2
  Eat: Chunk             |     4 |     6 |     6 ||    16
       Ration            |       |     1 |     2 ||     3
Armor: Leather armour    |    37 |    73 |    22 ||   132
       Chain mail        |       |       |    73 ||    73
Dodge: Dodged            |    84 |   145 |   102 ||   331

Table legend:
 A = Non-vault XP
 B = Vault XP
 C = Vault XP percentage of total XP
 D = Non-vault monster count
 E = Vault monster count
 F = Vault count percentage of total count
                 A         B        C        D         E       F
            +---------+---------+-------+---------+---------+-------
      Total |    2110 |     488 |  18.8 |     121 |      12 |   9.0
            +---------+---------+-------+---------+---------+-------
        D:1 |      39 |       5 |  11.4 |      22 |       3 |  12.0
        D:2 |      33 |       4 |  10.8 |      13 |       2 |  13.3
        D:3 |     240 |       0 |   0.0 |      39 |       0 |   0.0
        D:4 |     485 |      99 |  17.0 |      24 |       1 |   4.0
        D:5 |     865 |     226 |  20.7 |      17 |       2 |  10.5
        D:6 |     448 |     154 |  25.6 |       6 |       4 |  40.0
            +---------+---------+-------+---------+---------+-------
